 Dungeon Crawl Stone Soup version 0.28-b1-70-g80dc712255 (webtiles) character file.

Game seed: 917722070566975613

5742 crazypyro the Cleaver (level 10, -14/70 HPs)
             Began as a Demonspawn Fighter on Feb 3, 2022.
             Was a Follower of Uskayaw.
             Demolished by an orc knight (24 damage)
             ... in a bailey.
             The game lasted 00:13:54 (9045 turns).

crazypyro the Cleaver (Demonspawn Fighter)          Turns: 9045, Time: 00:13:55

Health: -14/70     AC: 10    Str: 32    XL:     10   Next: 49%
Magic:  12/17      EV: 13    Int:  9    God:    Uskayaw [*.....]
Gold:   1416       SH: 10    Dex: 14    Spells: 9/9 levels left

rFire   . . .      SeeInvis .   a - +1 war axe
rCold   . . .      Faith    .   c - +1 buckler
rNeg    . . .      Spirit   .   b - +0 scale mail
rPois   .          Reflect  .   (no helmet)
rElec   .          Harm     .   f - +0 cloak
rCorr   .          Rampage  .   (no gloves)
Will    .....                   (boots unavailable)
Stlth   ..........              y - amulet of regeneration
HPRegen 1.01/turn               k - +6 ring of strength
MPRegen 0.15/turn               o - +6 ring of strength

@: no status effects
A: hooves 3, icy blue scales 1, spiny 1, condensation shield
a: Renounce Religion, Stomp


You were in a bailey.
You worshipped Uskayaw.
Uskayaw was aware of your devotion.
You visited 1 branch of the dungeon, and saw 8 of its levels.
You also visited: Bailey.

You collected 1416 gold pieces.

Inventory:

Hand Weapons
 a - a +1 war axe (weapon)
Missiles
 F - 4 throwing nets (quivered)
Armour
 b - a +0 scale mail (worn)
 c - a +1 buckler (worn)
 f - a +0 cloak (worn)
 p - the +0 leather armour "Jask" {Harm rN++ Dex-2 Stlth+}
   (You found it on level 3 of the Dungeon)

   Dex:       It affects your dexterity (-2).
   rN:        It greatly protects you from negative energy.
   Harm:      It increases damage dealt and taken.
   Stlth:     It makes you more stealthy.
 w - a +0 pair of boots of flying
Jewellery
 k - a +6 ring of strength (left hand)
 o - a +6 ring of strength (right hand)
 y - an amulet of regeneration (around neck)
Wands
 C - a wand of flame (35)
Scrolls
 d - a scroll of teleportation {unknown}
 e - 3 scrolls of identify
 g - a scroll of blinking {unknown}
 j - 2 scrolls of magic mapping
 l - 2 scrolls of fog
 m - 2 scrolls of fear
 n - a scroll of enchant weapon
 q - a scroll of summoning
 r - 4 scrolls of amnesia
Potions
 h - 2 potions of haste
 i - 3 potions of resistance
 s - 2 potions of curing
 t - 2 potions of heal wounds
 z - a potion of flight
 A - a potion of mutation
 E - 3 potions of brilliance {unknown}


   Skills:
 - Level 3.5 Fighting
 * Level 9.9 Axes
 - Level 4.4 Armour
 + Level 6.2 Dodging
 - Level 4.5 Shields
 + Level 9.5 Invocations


You had 9 spell levels left.
You didn't know any spells.
Your spell library contained the following spells:

 Spells                   Type           Power      Damage    Failure   Level
 Freeze                   Ice            0%         1d3       71%         1
 Scorch                   Fire           0%         2d5       83%         2
 Frozen Ramparts          Ice            0%         1d2       97%         3
 Flame Wave               Conj/Fire      0%         2d4       100%        4
 Hailstorm                Conj/Ice       0%         3d3       100%        4
 Summon Cactus Giant      Summ           0%         N/A       100%        6


Dungeon Overview and Level Annotations

Branches:
Dungeon (8/15)             Temple (0/1) D:7          Bailey (1/1)
   Lair: D:8-11

Altars:
Okawaru
Uskayaw

Annotations:
D:4 1 runed translucent door, MarioGrandma's ghost, amateur DsAK Bailey 3 runed translucent doors


Innate Abilities, Weirdness & Mutations

You have hooves in place of feet.
You are partially covered in icy blue scales. (AC +2)
You are partially covered in sharp spines.
A meltable shield of frost defends you. (SH +4)


Message History

You block the orc knight's attack.
You hit the orc knight but do no damage.
The orc knight is heavily wounded.
The orc knight is struck by your spines.
The orc knight closely misses you.
You can now pass through a line of other dancers.
You barely miss the orc knight.
The orc knight is heavily wounded.
The orc knight hits you with a +0 war axe!
You closely miss the orc knight.
The orc knight is heavily wounded.
You block the orc knight's attack.
You closely miss the orc knight.
You kick the orc knight, but do no damage.
The orc knight is heavily wounded.
The orc knight hits you with a +0 war axe!
You can no longer pass through a line of other dancers.
You stomp with the beat, sending a shockwave through the revellers around you!
The orc knight is heavily wounded.
The hobgoblin is almost dead.
You can no longer stomp with the beat.
You block the hobgoblin's attack.
The orc knight is struck by your spines.
The orc knight hits you with a +0 war axe!!
You can now stomp with the beat.
You barely miss the orc knight. Your kick misses the orc knight.
The orc knight is severely wounded.
You hit the hobgoblin but do no damage. You block the hobgoblin's attack.
The orc knight closely misses you.
You closely miss the orc knight. Your kick misses the orc knight.
The orc knight is severely wounded.
You barely miss the hobgoblin. You block the hobgoblin's attack.
The orc knight hits you with a +0 war axe!!
* * * LOW HITPOINT WARNING * * *
You hit the orc knight. You kick the orc knight!
The orc knight is severely wounded.
You hit the hobgoblin.
You kill the hobgoblin!
The orc knight hits you with a +0 war axe!!
You die...

##......####≈≈≈#≈≈≈##..
##.....#≈≈#≈.....)≈#..
##....#≈........!≈#..
#...##≈8.8...8.8##..
#...+≈≈........o#...
#...+≈≈....∩....#...
#...+o≈.........#...
#...##≈8.8...8.8##..
#..@.#≈........!≈#..
#..)o)#≈≈#≈.....[≈#..
#......#### ≈#≈≈≈##..
#...8.... ######...
#$........ ...'....8
#!......... ≈≈≈#.....
##!.8..8...# ≈ #.....
##.......## ##...8
##...


You could see an orc knight.

Vanquished Creatures
  Harold (D:7)
  An orc knight (Bailey)
  A wraith (D:6)
  A wyvern (D:8)
  Eustachio (D:6)
  Grum (D:8)
  A steam dragon (D:8)
  Menkaure (D:6)
  2 vampire mosquitoes (D:7)
  An acid dragon (D:8)
  A water moccasin (D:8)
  4 ice beasts
  5 orc warriors
  5 sky beasts
  3 centaurs
  2 wolves (D:8)
  2 ogres
  Blork the orc (D:6)
  A gnoll sergeant (D:5)
  A scorpion (D:5)
  2 wyvern zombies (D:7)
  4 wights (D:8)
  3 howler monkeys (D:7)
  A jelly (D:6)
  3 orc priests
  Crazy Yiuf (D:7)
  3 hounds
  7 iguanas
  5 centaur skeletons
  5 orc wizards
  Robin (D:2)
  4 gnolls (D:5)
  2 howler monkey zombies
  6 adders
  7 worms
  A dart slug (D:1)
  35 orcs
  7 ball pythons
  4 endoplasms
  4 giant cockroaches
  25 goblins
  15 hobgoblins
  2 jackals (D:1)
  2 quokkas
  6 bats
  5 frilled lizards
  17 kobolds
  5 rats
218 creatures vanquished.

Vanquished Creatures (others)
  2 fungi (D:7)
2 creatures vanquished.

Grand Total: 220 creatures vanquished

Notes
Turn   | Place    | Note
-------+----------+-------------------------------------------
     0 | D:1      | crazypyro the Demonspawn Fighter began the quest for the
                  | Orb.
     0 | D:1      | Reached XP level 1. HP: 18/18 MP: 1/1
    40 | D:1      | Noticed a great orb of eyes
    42 | D:1      | Found a faded altar of an unknown god.
    45 | D:1      | Noticed a great orb of eyes
    45 | D:1      | Noticed an eye of devastation
    45 | D:1      | Noticed a great orb of eyes
    56 | D:1      | Prayed at the altar of an unknown god.
    56 | D:1      | Became a worshipper of Uskayaw the Reveller
    56 | D:1      | Reached * piety under Uskayaw
   273 | D:1      | Gained mutation: You have large cloven feet. [demonic
                  | ancestry]
   273 | D:1      | Reached XP level 2. HP: 23/24 MP: 2/2
   276 | D:1      | Reached ** piety under Uskayaw
   628 | D:1      | Reached XP level 3. HP: 26/29 MP: 3/3
  1007 | D:2      | Reached *** piety under Uskayaw
  1088 | D:2      | Noticed Robin
  1109 | D:2      | Killed Robin
  1110 | D:2      | Reached skill level 1 in Invocations
  1110 | D:2      | Gained mutation: You have hoof-like feet. [demonic
                  | ancestry]
  1110 | D:2      | Reached XP level 4. HP: 9/35 MP: 4/4
  2349 | D:3      | Gained mutation: You are partially covered in icy blue
                  | scales. (AC +2) [demonic ancestry]
  2349 | D:3      | Reached XP level 5. HP: 33/41 MP: 6/6
  2373 | D:3      | Identified the +0 leather armour "Jask" {Harm rN++ Dex-2
                  | Stlth+}
  2435 | D:3      | Noticed an ogre
  2441 | D:3      | Killed an ogre
  3057 | D:3      | HP: 1/41 [orc (4)]
  3321 | D:3      | Noticed an ice beast
  3332 | D:3      | Killed an ice beast
  3333 | D:3      | Gained mutation: You are partially covered in sharp spines.
                  | [demonic ancestry]
  3333 | D:3      | Reached XP level 6. HP: 4/47 MP: 6/8
  4223 | D:4      | Reached skill level 1 in Dodging
  4233 | D:4      | Reached **** piety under Uskayaw
  4424 | D:4      | Found a runed translucent door.
  4428 | D:4      | Noticed MarioGrandma's ghost (amateur DsAK)
  4961 | D:5      | Entered Level 5 of the Dungeon
  4971 | D:5      | Reached XP level 7. HP: 47/52 MP: 9/9
  5654 | D:5      | Reached skill level 5 in Axes
  5723 | D:5      | Found an iron altar of Okawaru.
  5964 | D:5      | Reached XP level 8. HP: 53/58 MP: 11/11
  6335 | D:7      | Reached skill level 5 in Invocations
  6739 | D:6      | Noticed Blork the orc
  6745 | D:6      | Killed Blork the orc
  6887 | D:6      | Gained mutation: A meltable shield of frost defends you.
                  | (SH +4) [demonic ancestry]
  6887 | D:6      | Reached XP level 9. HP: 60/64 MP: 13/13
  6908 | D:6      | Noticed Eustachio
  6940 | D:6      | Killed Eustachio
  7087 | D:6      | Noticed Menkaure
  7093 | D:6      | Killed Menkaure
  7225 | D:7      | Noticed Harold
  7234 | D:7      | Killed Harold
  7235 | D:7      | Reached skill level 5 in Dodging
  7380 | D:7      | Identified a scroll of acquirement
  7380 | D:7      | Acquired 905 gold pieces
  7634 | D:7      | Found a staircase to the Ecumenical Temple.
  8067 | D:7      | Gained mutation: You have hooves in place of feet. [demonic
                  | ancestry]
  8067 | D:7      | Reached XP level 10. HP: 52/70 MP: 16/16
  8307 | D:7      | Found a runed translucent door.
  8308 | D:7      | Noticed Crazy Yiuf
  8316 | D:7      | Killed Crazy Yiuf
  8570 | D:8      | Noticed Grum
  8582 | D:8      | Killed Grum
  8584 | D:8      | Reached ***** piety under Uskayaw
  8867 | D:8      | Found a flagged portal.
  8883 | Bailey   | Entered a bailey
  8888 | Bailey   | Noticed an orc warlord
  8949 | Bailey   | Noticed an orc knight
  8969 | Bailey   | Killed an orc knight
  9019 | Bailey   | Found a runed translucent gate.
  9022 | Bailey   | Found a runed translucent gate.
  9024 | Bailey   | Found a runed translucent gate.
  9030 | Bailey   | Noticed an orc knight
  9045 | Bailey   | Demolished by an orc knight

Illustrated notes

Levels and vault maps discovered:
D:1:      minmay_arrival_jagged, layout_loops_ring,
          hellmonk_ecumenical_altar_watching_god
D:2:      layout_rooms, serial_glass, glass_columns_b, glass_columns_c,
          kennysheep_generic_room_5, uniq_robin
D:3:      layout_loops_ring, nicolae_elevator_lobby_plus
D:4:      layout_loops_cross, ebering_ghost_reflecting_pool
D:5:      layout_cave_pools, mainiacjoe_overflow_catwalk
D:6:      layout_cave_pools, uniq_menkaure, uniq_blork_the_orc, uniq_eustachio
D:7:      layout_layer_cave, minmay_temple_entry_poolview, uniq_harold,
          uniq_crazy_yiuf_cottage
D:8:      layout_cave_pods, enter_bailey_5, uniq_grum
Bailey:   bailey_axe_bossmonster_kennysheep, bailey

Skill      XL: |  1  2  3  4  5  6  7  8  9 10 |
---------------+-------------------------------+-----
Axes           | 2 3 4 5 7 9 |  9.9
Shields        | 3 4 |  4.5
Armour         | 3 4 |  4.4
Invocations    | 1 2 3 4 6 8 9 |  9.5
Dodging        | 1 2 3 5 6 |  6.2
Fighting       | |  3.5

Action                   |  1- 3 |  4- 6 |  7- 9 | 10-12 || total
-------------------------+-------+-------+-------+-------++-------
Melee: War axe           |    92 |   163 |   188 |    75 ||   518
       Kick              |    10 |    39 |    57 |    22 ||   128
Invok: Stomp             |       |       |     3 |     5 ||     8
  Use: Potion            |     1 |     1 |     2 |     1 ||     5
       Scroll            |       |       |    16 |       ||    16
 Stab: Paralysed         |     2 |     4 |    15 |    10 ||    31
Armor: Scale mail        |    40 |    63 |    82 |    15 ||   200
Dodge: Dodged            |    37 |    69 |    91 |    25 ||   222
Block: Buckler           |    20 |    31 |    69 |    39 ||   159
